 Dungeon Crawl Stone Soup version 0.26.0-10-g1f06aea511 (webtiles) character file.

Game seed: 8189760298750678190

4196 Borgoz the Slasher (level 10, 0/86 HPs)
             Began as a Ghoul Gladiator on Jan 15, 2021.
             Was a Follower of Ashenzari.
             Slain by a troll (7 damage)
             ... on level 10 of the Dungeon.
             The game lasted 00:12:07 (9853 turns).

Borgoz the Slasher (Ghoul Gladiator)                Turns: 9853, Time: 00:12:07

Health: 0/86       AC: 11    Str: 25    XL:     10   Next: 29%
Magic:  9/9        EV: 12    Int:  3    God:    Ashenzari [*.....]
Gold:   366        SH: 14    Dex: 13    Spells: 9/9 levels left

rFire    . . .     SeeInvis .   b - +2 falchion (vorpal)
rCold    + . .     Faith    .   r - +0 kite shield
rNeg     + + +     Spirit   .   l - +0 ring mail
rPois    ∞         Reflect  +   c - +0 helmet
rElec    .         Harm     .   h - +0 cloak
rCorr    .         Rampage  .   o - +0 pair of gloves
Will     +....                  t - +0 pair of boots
Stlth    +.........             u - amulet of reflection
HPRegen  0.00/turn              f - ring of willpower
MPRegen  0.11/turn              q - +6 ring of strength

@: no status effects
A: claws 1, cold resistance 1, negative energy resistance 3, inhibited
regeneration, torment resistance, unbreathing
a: Renounce Religion, Curse Item, Scrying


You were on level 10 of the Dungeon.
You worshipped Ashenzari.
Ashenzari was aware of your devotion.
You visited 2 branches of the dungeon, and saw 11 of its levels.

You collected 366 gold pieces.

Inventory:

Hand Weapons
 b - a +2 vorpal falchion (weapon)
 C - a +4 scimitar
Armour
 c - a +0 helmet (worn)
 h - a +0 cloak (worn)
 l - a +0 ring mail (worn)
 o - a +0 pair of gloves (worn)
 r - a +0 kite shield (worn)
 t - a +0 pair of boots (worn)
Jewellery
 a - an uncursed amulet of the acrobat
 f - a ring of willpower (left hand)
 j - an uncursed ring of fire
 q - a +6 ring of strength (right hand)
 u - an amulet of reflection (around neck)
Wands
 g - a wand of iceblast (9)
 p - a wand of acid (10)
 v - a wand of digging (6)
Scrolls
 e - 2 scrolls of teleportation
 k - 3 scrolls of remove curse
 w - 2 scrolls of fog {unknown}
 y - 4 scrolls of identify
 z - 2 scrolls of enchant weapon
 A - a scroll of enchant armour {unknown}
Potions
 i - a potion of cancellation
 m - 3 potions of flight
 n - a potion of heal wounds
 s - 2 potions of curing {unknown}
 x - a potion of brilliance {unknown}
 B - a potion of attraction {unknown}


   Skills:
 * Level 7.0 Fighting
 * Level 7.6 Long Blades
 - Level 1.7 Throwing
 * Level 7.0 Armour
 * Level 6.3 Dodging
 + Level 2.3 Shields
 + Level 2.2 Evocations


You had 9 spell levels left.
You didn't know any spells.
Your spell library contained the following spells:

 Spells                   Type           Power        Failure   Level
 Corona                   Hex            0%           99%         1
 Slow                     Hex            0%           100%        2
 Inner Flame              Hex/Fire       0%           100%        3
 Portal Projectile        Hex/Tloc       0%           100%        3
 Cause Fear               Hex            0%           100%        4
 Leda's Liquefaction      Hex/Erth       0%           100%        4


Dungeon Overview and Level Annotations

Branches:
Dungeon (10/15)            Temple (1/1) D:6
   Lair: D:8-11         Orc: D:9-12

Altars:
Ashenzari
Cheibriados
Dithmenos
Elyvilon
Fedhas
Gozag
Hepliaklqana
Kikubaaqudgha
Makhleb
Nemelex Xobeh
Okawaru
Qazlal
Ru
Sif Muna
Trog
Uskayaw
Vehumet
Wu Jian
Xom
Yredelemnul
Zin
The Shining One

Shops:
D:6 =

Annotations:
D:7 2 transporters, zamkadom's ghost, novice TrMo


Innate Abilities, Weirdness & Mutations

You thrive by killing the living.
You are immune to poison.
You have sharp fingernails.
Your flesh is cold resistant. (rC+)
You are immune to negative energy. (rN+++)
You do not regenerate when monsters are visible.
You are immune to unholy pain and torment.
You can survive without breathing.


Message History

You hit the troll.
The troll is almost dead.
The troll struggles against the net.
You strike the helpless troll from behind!
You hit the troll but do no damage.
The troll is almost dead.
The troll struggles against the net.
The net rips apart, and the troll comes free!
You barely miss the troll.
The troll is severely wounded.
The troll misses you. The troll barely misses you. x2
You hit the troll but do no damage.
The troll is severely wounded.
The troll bites you but does no damage. You block the troll's attack.
The troll claws you!
* * * LOW HITPOINT WARNING * * *
You hit the troll.
The troll is almost dead.
You block the troll's attack. The troll claws you!
You die...

#. ##### ...
#...######...
#.............
..#######..............
(.....T@...............
.....########..........
... #.......... .
#...........
#...........
#...........
#...........
#..######...
#..#....#...


You could see a troll.

Vanquished Creatures
  A troll (D:9)
  5 yaks (D:9)
  Grum (D:9)
  A human (D:8)
  Duvessa (D:6)
  A water moccasin (D:7)
  An orc warrior (D:9)
  2 wolves (D:9)
  A necrophage (D:9)
  3 ogres
  A centaur (D:8)
  4 bullfrogs
  A gnoll sergeant (D:6)
  Dowan (D:6)
  2 scorpions
  3 killer bees (D:9)
  9 wights
  A howler monkey (D:7)
  3 centaur zombies
  2 centaur skeletons
  An orc priest (D:7)
  A bullfrog skeleton (D:7)
  4 hounds
  2 orc wizards (D:7)
  An iguana (D:5)
  Ijyb (D:3)
  8 worker ants
  21 gnolls
  10 adders
  A howler monkey skeleton (D:6)
  2 white imps
  An ufetubus (D:5)
  2 oozes (D:5)
  3 worms
  A dart slug (D:2)
  3 leopard geckos
  27 orcs
  A ball python (D:2)
  8 bats
  5 giant cockroaches
  7 hobgoblins
  16 jackals
  7 kobolds
  9 quokkas
  7 frilled lizards
  9 goblins
  A goblin zombie (D:8)
  6 rats
209 creatures vanquished.

Vanquished Creatures (others)
  2 plants (D:7)
2 creatures vanquished.

Grand Total: 211 creatures vanquished

Notes
Turn   | Place    | Note
-------+----------+-------------------------------------------
     0 | D:1      | Borgoz the Ghoul Gladiator began the quest for the Orb.
     0 | D:1      | Reached XP level 1. HP: 17/17 MP: 0/0
   340 | D:1      | Reached skill level 1 in Armour
   340 | D:1      | Reached XP level 2. HP: 24/25 MP: 1/1
   385 | D:1      | Reached XP level 3. HP: 11/30 MP: 2/2
  1117 | D:2      | Reached XP level 4. HP: 21/37 MP: 3/3
  2001 | D:3      | Noticed Ijyb
  2024 | D:3      | Killed Ijyb
  2025 | D:3      | Reached XP level 5. HP: 30/44 MP: 4/4
  3113 | D:4      | Reached XP level 6. HP: 42/51 MP: 5/5
  3678 | D:5      | Entered Level 5 of the Dungeon
  3922 | D:5      | Reached XP level 7. HP: 47/58 MP: 6/6
  4603 | D:5      | Found a sacrificial altar of Ru.
  4756 | D:5      | Reached skill level 5 in Long Blades
  5008 | D:6      | Found a staircase to the Ecumenical Temple.
  5030 | Temple   | Entered the Ecumenical Temple
  5160 | Temple   | Became a worshipper of Ashenzari the Shackled
  5277 | D:6      | Reached XP level 8. HP: 41/67 MP: 7/7
  5623 | D:6      | Noticed Duvessa
  5623 | D:6      | Noticed Dowan
  5632 | D:6      | Killed Duvessa
  5643 | D:6      | Killed Dowan
  5882 | D:6      | Reached skill level 5 in Armour
  5898 | D:6      | Found Otsam's Jewellery Shoppe.
  6282 | D:7      | Reached skill level 5 in Fighting
  6761 | D:7      | Found a transporter.
  6786 | D:7      | Identified the ring "Xoterhim" {+Fly Int+2 Slay+3}
  6793 | D:7      | Noticed zamkadom's ghost (novice TrMo)
  6817 | D:7      | Found a transporter.
  6822 | D:7      | Identified the +2 ring mail of Uqyrphire {*Corrode +Blink
                  | rF+ Will+}
  7027 | D:8      | Reached XP level 9. HP: 40/74 MP: 8/8
  7222 | D:8      | Reached skill level 5 in Dodging
  7239 | D:8      | Reached * piety under Ashenzari
  7408 | D:8      | Found a runed translucent door.
  7414 | D:8      | Found a basalt altar of Yredelemnul.
  8009 | D:9      | Found a white marble altar of Elyvilon.
  8142 | D:9      | Reached skill level 1 in Shields
  8153 | D:9      | Reached skill level 1 in Evocations
  8513 | D:9      | Noticed a troll
  8553 | D:9      | Killed a troll
  8554 | D:9      | Reached XP level 10. HP: 17/84 MP: 9/9
  9084 | D:9      | Noticed Grum
  9099 | D:9      | Killed Grum
  9691 | D:10     | Entered Level 10 of the Dungeon
  9711 | D:10     | Found a snail-covered altar of Cheibriados.
  9853 | D:10     | Slain by a troll

Illustrated notes

Levels and vault maps discovered:
D:1:      scummos_arrival_simple_crosswalls, layout_loops_ring
D:2:      layout_loops_ring
D:3:      layout_loops_ring, uniq_ijyb
D:4:      layout_basic
D:5:      layout_cave_pods, marbit_many_paths
D:6:      layout_cave_pods, minmay_temple_entry_overgrown, serial_shops,
          nicolae_shop_crystal, grunt_ministairs_7, uniq_duvessa
D:7:      layout_loops_ring, gammafunk_ghost_gnarly_gnolls, corexii_corridor_pit
D:8:      layout_gridville, dk_yredelemnul_ordeal
D:9:      layout_stronghold, basic_altar, st_stairs_5, uniq_grum
D:10:     layout_irregular_city, serial_shops, shop, amcnicky_altar_gilded,
          uniq_gastronok
Temple:   kilobyte_greek_temple

Skill      XL: |  1  2  3  4  5  6  7  8  9 10 |
---------------+-------------------------------+-----
Long Blades    | 3 4 5 6 7 |  7.6
Armour         | 1 2 3 4 5 6 7 |  7.0
Dodging        | 3 4 6 |  6.3
Fighting       | 3 4 5 6 7 |  7.0
Shields        | 2 |  2.3
Evocations     | 1 2 |  2.2
Throwing       | |  1.7

Action                   |  1- 3 |  4- 6 |  7- 9 | 10-12 || total
-------------------------+-------+-------+-------+-------++-------
Melee: Long sword        |   106 |   289 |       |       ||   395
       Falchion          |       |    46 |   428 |    87 ||   561
Throw: Throwing net      |       |     1 |     3 |     4 ||     8
Evoke: Wand              |       |       |     2 |       ||     2
  Use: Scroll            |       |     9 |     1 |       ||    10
       Potion            |       |     4 |     2 |       ||     6
 Stab: Held in net/web   |       |       |       |     2 ||     2
Armor: Leather armour    |    40 |    41 |       |       ||    81
       Ring mail         |       |    84 |   140 |    27 ||   251
Dodge: Dodged            |   110 |   215 |   204 |    44 ||   573
Block: Kite shield       |       |       |   204 |    71 ||   275
       Reflection        |       |       |     4 |       ||     4
       Rpst.: Long sword |    37 |    47 |       |       ||    84
       Falchion          |       |     8 |    51 |    13 ||    72
